 Dungeon Crawl Stone Soup version 0.20-a0-1127-g1289703 (webtiles) character file.

1330 inmateoo the Ogre Mage (level 8, -5/121 HPs)
             Began as an Ogre Wanderer on May 18, 2017.
             Was a Priest of Cheibriados.
             Slain by an orc warrior
             ... wielding a +0 morningstar
              (13 damage)
             ... on level 6 of the Dungeon.
             The game lasted 00:15:09 (5674 turns).

inmateoo the Ogre Mage (Ogre Wanderer)              Turns: 5674, Time: 00:15:10

Health: -5/121     AC: 24    Str: 23    XL:     8   Next: 60%
Magic:  10/16      EV:  1    Int: 24    God:    Cheibriados [***...]
Gold:   321        SH:  0    Dex: 14    Spells: 3/18 levels left

rFire    . . .     SeeInvis .   i - +3 flail (venom)
rCold    . . .     Gourm    .   (no shield)
rNeg     + + +     Faith    .   (armour currently unavailable)
rPois    +         Spirit   .   (helmet currently unavailable)
rElec    .         Reflect  .   (cloak currently unavailable)
rCorr    .         Harm     .   (gloves unavailable)
MR       .....     NoTele   +   (boots unavailable)
Stlth    +.........             (no amulet)
Regen    1.3/turn               m - +3 ring of strength
MPRegen  0.2/turn               (no ring)

@: tree-form, very slightly contaminated, regenerating (expiring), heavily
drained, very slow
A: unfitting armour, clever 1, robust 1, weak 1
a: Bend Time, Temporal Distortion, Renounce Religion


You were on level 6 of the Dungeon.
You worshipped Cheibriados.
Cheibriados was most pleased with you.
You were very hungry.
You were a tree.
You visited 2 branches of the dungeon, and saw 7 of its levels.

You collected 321 gold pieces.

Inventory:

Hand Weapons
 i - a +3 flail of venom (weapon)
 p - a +2 flail of protection
Armour
 c - a +1 robe (melded)
Jewellery
 k - a cursed ring of loudness {unknown}
 m - a +3 ring of strength (left branch)
Wands
 r - a wand of clouds (5/9)
Scrolls
 l - 2 scrolls of identify
 o - 3 scrolls of remove curse
Potions
 b - a potion of lignification
 e - 2 potions of mutation
 h - a potion of brilliance
Books
 a - a Young Poisoner's Handbook

   Spells                             Type                      Level
   a - Sting                          Conjuration/Poison           1
   b - Poisonous Vapours              Poison/Air                   2
   c - Mephitic Cloud                 Conjuration/Poison/Air       3
   d - Olgreb's Toxic Radiance        Poison                       4
   e - Venom Bolt                     Conjuration/Poison           5
 d - a Grand Grimoire

   Spells                             Type                      Level
   a - Monstrous Menagerie            Summoning                    7
   b - Summon Greater Demon           Summoning                    7
   c - Malign Gateway                 Summoning/Translocation      7
   d - Summon Horrible Things         Summoning                    8
 j - a book of Minor Magic

   Spells                             Type                      Level
   a - Magic Dart                     Conjuration                  1
   b - Blink                          Translocation                2
   c - Call Imp                       Summoning                    2
   d - Slow                           Hexes                        2
   e - Conjure Flame                  Conjuration/Fire             3
   f - Mephitic Cloud                 Conjuration/Poison/Air       3
 q - a book of Cantrips

   Spells                             Type                      Level
   a - Confusing Touch                Hexes                        1
   b - Animate Skeleton               Necromancy                   1
   c - Summon Small Mammal            Summoning                    1
   d - Apportation                    Translocation                1
 s - a book of Necromancy

   Spells                             Type                      Level
   a - Pain                           Necromancy                   1
   b - Animate Skeleton               Necromancy                   1
   c - Vampiric Draining              Necromancy                   3
   d - Regeneration                   Charms/Necromancy            3
   e - Animate Dead                   Necromancy                   4
   f - Control Undead                 Necromancy                   4
Comestibles
 f - 6 bread rations
 g - 12 fruits
 n - 3 royal jellies


   Skills:
 + Level 2.7(1.6) Fighting
   Level 1.0(0.0) Shields
 * Level 5.8(4.6) Unarmed Combat
 + Level 5.9(4.6) Spellcasting
 + Level 3.7(2.5) Conjurations
 - Level 1.0(0.0) Summonings
 - Level 1.0(0.0) Air Magic
 + Level 4.6(3.5) Poison Magic
 - Level 1.0(0.0) Evocations


You had 3 spell levels left.
You knew the following spells:

 Your Spells              Type           Power        Failure   Level  Hunger
a - Sting                 Conj/Pois      ###.         2%          1    None
b - Poisonous Vapours     Pois/Air       ##....       7%          2    None
c - Mephitic Cloud        Conj/Pois/Air  ###.....     12%         3    ##.....
d - Blink                 Tloc           N/A          14%         2    None
e - Call Imp              Summ           #.......     14%         2    None
f - Apportation           Tloc           #.....       9%          1    None
g - Animate Skeleton      Necr           N/A          9%          1    None
h - Regeneration          Chrm/Necr      #.........   26%         3    ##.....


Dungeon Overview and Level Annotations

Branches:
Dungeon (6/15)             Temple (1/1) D:4

Altars:
Ashenzari
Cheibriados
Dithmenos
Elyvilon
Fedhas
Hepliaklqana
Kikubaaqudgha
Makhleb
Nemelex Xobeh
Ru
Sif Muna
Trog
Uskayaw
Wu Jian
Xom
Yredelemnul
Zin
The Shining One

Shops:
D:4 (


Innate Abilities, Weirdness & Mutations

You are too large for most types of armour.
((You have tough skin. (AC +1)))
Your mind is acute. (Int +2)
You are robust. (+10% HP)
You are weak. (Str -2)


Message History

Okay, then.
Casting: Call Imp
Confirm with . or Enter, or press ? or * to list all spells.
Your skin crawls.
The adder bites your shadow imp.
The bullfrog closely misses your shadow imp.
Your shadow imp gestures at the adder.
The adder barely resists.
The adder closely misses your shadow imp.
Unknown command.
You hit the wight but do no damage.
The wight is almost destroyed.
Your skin is crawling a little less now.
The bullfrog hits your shadow imp. The wight hits you but does no damage.
The orc warrior hits you but does no damage.
The adder bites your shadow imp but does no damage.
Your shadow imp gestures at the bullfrog.
The bullfrog writhes in agony!
The bullfrog hits your shadow imp. The wight hits you but does no damage.
The orc warrior hits you with a morningstar!
You die...

#.#<..#.# #....
..####..#.#..# #.###
.............# #.#
#####..#.#.## #.# #.#...##
### #.#
#.##.######.###.###
#.######.##....<..#.......
......oF5#########.#######
#....oYSo♣z....# #.# #..
..############.# #)# #.#
.# #.# .# #.# .# #.# F#
#.# .# #.# .# #.. ...


You could see an orc warrior, an ice beast, a bullfrog, a wight, an adder, 2
orcs and a friendly shadow imp.

Vanquished Creatures
  Sigmund (D:2)
  An ogre (D:4)
  A phantom (D:5)
  2 centaurs
  A bullfrog (D:6)
  A big kobold (D:5)
  2 crimson imps
  An orc priest (D:4)
  4 orc wizards
  2 hounds
  Jessica (D:2)
  Terence (D:3)
  2 iguanas
  A worker ant (D:5)
  A gnoll (D:5)
  A howler monkey skeleton (D:4)
  5 adders
  A shadow imp (D:5)
  2 oozes
  An adder skeleton (D:4)
  2 dart slugs (D:1)
  5 leopard geckos
  19 orcs
  4 giant cockroaches
  12 goblins
  7 hobgoblins
  8 jackals
  31 kobolds
  A quokka (D:3)
  A ball python (D:3)
  A ball python skeleton (D:5)
  3 bats
  3 frilled lizards
  3 rats
132 creatures vanquished.

Vanquished Creatures (collateral kills)
  A water moccasin (D:5)
  A big kobold (D:5)
  Robin (D:3)
  A gnoll (D:5)
  5 goblins
  3 hobgoblins (D:5)
  9 kobolds (D:5)
21 creatures vanquished.

Vanquished Creatures (others)
  A plant (D:4)
1 creature vanquished.

Grand Total: 154 creatures vanquished

Notes
Turn   | Place    | Note
-------+----------+-------------------------------------------
     0 | D:1      | inmateoo the Ogre Wanderer began the quest for the Orb.
     0 | D:1      | inmateoo set off with: a Young Poisoner's Handbook, a potion of lignification, a +0 robe, a +0 club, a bread ration
     0 | D:1      | Reached XP level 1. HP: 16/16 MP: 5/5
     2 | D:1      | Learned a level 1 spell: Sting
   112 | D:1      | Reached skill level 1 in Unarmed Combat
   143 | D:1      | Reached XP level 2. HP: 21/24 MP: 4/6
   157 | D:1      | Learned a level 2 spell: Poisonous Vapours
   616 | D:2      | Reached XP level 3. HP: 23/31 MP: 4/8
   622 | D:2      | Learned a level 3 spell: Mephitic Cloud
   680 | D:2      | Noticed Jessica
  1041 | D:2      | Noticed Sigmund
  1099 | D:2      | Killed Sigmund
  1099 | D:2      | Reached skill level 1 in Conjurations
  1099 | D:2      | Reached XP level 4. HP: 39/39 MP: 3/10
  1099 | D:2      | Reached XP level 5. HP: 45/45 MP: 3/11
  1133 | D:2      | Killed Jessica
  1133 | D:2      | Reached XP level 6. HP: 53/53 MP: 3/12
  1427 | D:3      | Gained mutation: You are robust. (+10% HP) [potion of mutation]
  1427 | D:3      | Gained mutation: You are weak. (Str -2) [potion of mutation]
  1427 | D:3      | Gained mutation: Your mind is acute. (Int +2) [potion of mutation]
  1595 | D:3      | Learned a level 2 spell: Blink
  1598 | D:3      | Learned a level 2 spell: Call Imp
  1704 | D:3      | Noticed Robin
  1972 | D:3      | Killed Robin
  2024 | D:3      | Noticed Terence
  2036 | D:3      | Killed Terence
  2200 | D:3      | Found a sparkling altar of Nemelex Xobeh.
  2264 | D:3      | Found a blossoming altar of Fedhas.
  2276 | D:3      | Found a bloodstained altar of Trog.
  2549 | D:4      | Learned a level 1 spell: Apportation
  2551 | D:4      | Learned a level 1 spell: Animate Skeleton
  2574 | D:4      | Found a sacrificial altar of Ru.
  2582 | D:4      | Reached XP level 7. HP: 64/64 MP: 5/14
  2603 | D:4      | Found Qiom's Antique Weapon Shop.
  2675 | D:4      | Found Veovvit's General Store.
  2717 | D:4      | Found a staircase to the Ecumenical Temple.
  2724 | D:4      | Reached skill level 5 in Spellcasting
  2751 | Temple   | Entered the Ecumenical Temple
  2771 | Temple   | Became a worshipper of Cheibriados the Contemplative
  3762 | D:5      | Entered Level 5 of the Dungeon
  3785 | D:5      | Reached * piety under Cheibriados
  3911 | D:5      | Reached skill level 1 in Fighting
  3911 | D:5      | Reached skill level 5 in Unarmed Combat
  3918 | D:5      | Reached XP level 8. HP: 69/77 MP: 5/16
  4513 | D:5      | Learned a level 3 spell: Regeneration
  4521 | D:5      | Found an ornate altar of the Wu Jian Council.
  4758 | D:5      | Reached ** piety under Cheibriados
  5148 | D:5      | Reached *** piety under Cheibriados
  5672 | D:6      | HP: 5/121 [orc warrior/morningstar (10)]
  5674 | D:6      | Slain by an orc warrior

Vault maps used:
D:1:      minmay_arrival_shoal_huts
D:2:      uniq_jessica, uniq_sigmund
D:3:      nicolae_overflow_hidden_temple, first_bread,
          nemelex_dance_club_becter, uniq_terence, uniq_robin
D:4:      minmay_temple_entry_statues, serial_shops,
          nicolae_shop_overgrown_old_shop, nicolae_shop_waterfront,
          nicolae_ru_the_path_less_chosen
D:5:      minmay_goblin_kobold_castle, lemuel_round_altar, due_unseen_surprise
Temple:   nicolae_temple_x_marks_the_god

Skill      XL: |  1  2  3  4  5  6  7  8 |
---------------+-------------------------+-----
Unarmed Combat | 1 3 4 5 |  5.8
Poison Magic   | 3 4 |  4.6
Spellcasting   | 4 5 |  5.9
Conjurations   | 1 2 3 |  3.7
Fighting       | 1 2 |  2.7
Shields        | |  1.0
Summonings     | |  1.0
Air Magic      | |  1.0
Evocations     | |  1.0

Action                   |  1- 3 |  4- 6 |  7- 9 || total
-------------------------+-------+-------+-------++-------
Melee: Club              |    57 |    17 |       ||    74
       Flail             |       |    61 |   213 ||   274
       Punch             |       |     1 |     3 ||     4
 Cast: Sting             |    30 |     6 |     6 ||    42
       Poisonous Vapours |     7 |    11 |    16 ||    34
       Mephitic Cloud    |     1 |       |     2 ||     3
       Call Imp          |       |     3 |    25 ||    28
       Blink             |       |     1 |     2 ||     3
       Regeneration      |       |       |     4 ||     4
  Use: Scroll            |     6 |     5 |     1 ||    12
       Potion            |       |     1 |     2 ||     3
 Stab: Sleeping          |       |       |     1 ||     1
  Eat: Chunk             |     1 |     5 |     6 ||    12
       Fruit             |       |       |     1 ||     1
Armor: Robe              |    25 |    18 |    74 ||   117
       Skin              |       |       |     4 ||     4
Dodge: Dodged            |    42 |    52 |   149 ||   243
